 Dungeon Crawl Stone Soup version 0.28-b1-25-g9875b3fc8c (webtiles) character file.

Game seed: 12732660782618237117

252 belegose the Skirmisher (level 5, -9/42 HPs)
             Began as a Demonspawn Cinder Acolyte on Feb 1, 2022.
             Was a High Priest of Ignis.
             Mangled by Prince Ribbit (11 damage)
             ... on level 5 of the Dungeon.
             The game lasted 00:06:31 (3679 turns).

belegose the Skirmisher (Demonspawn Cinder Acolyte) Turns: 3679, Time: 00:06:32

Health: -9/42      AC:  6    Str: 21    XL:     5   Next: 89%
Magic:  6/6        EV:  9    Int: 15    God:    Ignis [*****.]
Gold:   197        SH:  4    Dex: 10    Spells: 6/6 levels left

rFire   + . .      SeeInvis .   a - -1 falchion (flame)
rCold   . . .      Faith    .   (no shield)
rNeg    + . .      Spirit   .   h - +0 scale mail
rPois   .          Reflect  .   (helmet restricted)
rElec   .          Harm     .   (no cloak)
rCorr   .          Rampage  .   (no gloves)
Will    .....                   (no boots)
Stlth   +.........              (no amulet)
HPRegen 0.14/turn               e - ring of positive energy
MPRegen 0.10/turn               s - +6 ring of strength

@: mighty
A: horns 1, powered by death 1, condensation shield
a: Renounce Religion, Fiery Armour, Foxfire Swarm, Rising Flame


You were on level 5 of the Dungeon.
You worshipped Ignis.
Ignis was extremely pleased with you.
You visited 1 branch of the dungeon, and saw 5 of its levels.

You collected 197 gold pieces.

Inventory:

Hand Weapons
 a - a -1 falchion of flaming (weapon)
Missiles
 c - 147 stones (quivered)
 k - 42 sling bullets
 p - 11 boomerangs
 r - 6 poisoned darts
Armour
 b - a +0 robe
 h - a +0 scale mail (worn)
Magical Staves
 l - a staff of poison
Jewellery
 e - a ring of positive energy (left hand)
 s - a +6 ring of strength (right hand)
Wands
 o - a wand of iceblast (6)
 q - a wand of digging (6)
Scrolls
 f - a scroll of fog {unknown}
 i - 3 scrolls of magic mapping {unknown}
 m - 3 scrolls of teleportation {unknown}
 n - a scroll of noise {unknown}
Potions
 d - 2 potions of resistance {unknown}
 g - a potion of curing {unknown}
 j - a potion of might
 t - a potion of mutation {unknown}
 u - 2 potions of flight {unknown}


   Skills:
 + Level 4.2 Fighting
 - Level 3.1 Long Blades
 + Level 1.8 Staves
 + Level 2.4 Armour
 + Level 2.5 Stealth
 - Level 1.0 Spellcasting
 - Level 2.6 Fire Magic


You had 6 spell levels left.
You didn't know any spells.
Your spell library contained the following spells:

 Spells                   Type           Power      Damage    Failure   Level
 Scorch                   Fire           16%        2d6       32%         2
 Pain                     Necr           0%         1d4       54%         1
 Portal Projectile        Hex/Tloc       0%         N/A       89%         3
 Agony                    Necr           0%         N/A       100%        5
 Blade Hands              Tmut           0%         N/A       100%        5
 Excruciating Wounds      Necr           0%         N/A       100%        5


Dungeon Overview and Level Annotations

Branches:
Dungeon (5/15)
 Temple: D:4-7

Altars:
Ashenzari
Makhleb
Qazlal
Trog

Shops:
D:3 (

Annotations:
D:2 Sigmund
D:3 2 transporters
D:4 Eustachio
D:5 Prince Ribbit


Innate Abilities, Weirdness & Mutations

You have a pair of small horns on your head.
You regenerate a little health from kills.
A meltable shield of frost defends you. (SH +4)


Message History

You slash the centaur zombie! You burn the centaur zombie.
You headbutt the centaur zombie.
The centaur zombie is severely damaged.
The centaur zombie hits you but does no damage.
The centaur zombie kicks you but does no damage.
The centaur zombie hits you but does no damage.
The centaur zombie closely misses you.
You hit the centaur zombie. You burn the centaur zombie.
You punch the centaur zombie.
You destroy the centaur zombie!
You open the door.
A water moccasin comes into view.
The water moccasin hisses angrily.
You close the door.
You open the door.
There is an open door here.
There is an open door here.
Prince Ribbit comes into view.
Prince Ribbit gives a loud, deep croak!
Okay, then.
Okay, then.
You feel very mighty all of a sudden.
You closely miss Prince Ribbit. Your headbutt misses Prince Ribbit.
Prince Ribbit hits you!
You miss Prince Ribbit. Prince Ribbit hits you. Prince Ribbit hits you!
You closely miss Prince Ribbit.
Prince Ribbit blinks!
Prince Ribbit blinks!
Prince Ribbit hits you.
* * * LOW HITPOINT WARNING * * *
You hit Prince Ribbit. You burn Prince Ribbit.
Prince Ribbit is lightly wounded.
Prince Ribbit hits you.
* * * LOW HITPOINT WARNING * * *
You slash Prince Ribbit! You burn Prince Ribbit.
Prince Ribbit is heavily wounded.
Prince Ribbit closely misses you.
Prince Ribbit blinks!
You barely miss Prince Ribbit. Your headbutt misses Prince Ribbit.
Prince Ribbit is heavily wounded.
Prince Ribbit hits you!
You die...

###### ......
...... ..... #..#
##### #
#..###...####.####
#..ยง.#............
#..@.#....<.......
#.F..'............
##..####.####..#..
## #..###### ## ...
#.....# ....
#.....# .....
#.....#
......#.....#
......+.....#


You could see Prince Ribbit.

Vanquished Creatures
  A centaur zombie (D:5)
  A bullfrog skeleton (D:4)
  A hound (D:3)
  A hound skeleton (D:4)
  7 adders
  An adder skeleton (D:4)
  A worm (D:2)
  2 dart slugs (D:3)
  3 orcs
  12 endoplasms
  A giant cockroach (D:1)
  7 goblins
  7 hobgoblins
  4 kobolds
  3 quokkas
  7 ball pythons
  5 bats
  7 frilled lizards
  5 rats
76 creatures vanquished.

Vanquished Creatures (others)
  9 fungi (D:4)
9 creatures vanquished.

Grand Total: 85 creatures vanquished

Notes
Turn   | Place    | Note
-------+----------+-------------------------------------------
     0 | D:1      | belegose the Demonspawn Cinder Acolyte began the quest for
                  | the Orb.
     0 | D:1      | Reached XP level 1. HP: 18/18 MP: 2/2
   416 | D:1      | Gained mutation: You have a pair of small horns on your
                  | head. [demonic ancestry]
   416 | D:1      | Reached XP level 2. HP: 22/24 MP: 3/3
   521 | D:1      | Reached skill level 1 in Armour
   716 | D:1      | Found a faded altar of an unknown god.
   926 | D:1      | Gained mutation: You regenerate a little health from kills.
                  | [demonic ancestry]
   926 | D:1      | Reached XP level 3. HP: 26/29 MP: 4/4
   928 | D:1      | Reached skill level 1 in Stealth
  1641 | D:2      | Noticed Sigmund
  1832 | D:2      | Found a burning altar of Makhleb.
  1931 | D:2      | Reached XP level 4. HP: 35/35 MP: 5/5
  2286 | D:3      | Found a broken altar of Ashenzari.
  2466 | D:3      | Found Zottyawn's Weapon Boutique.
  2565 | D:3      | Reached skill level 1 in Staves
  2764 | D:3      | Gained mutation: A meltable shield of frost defends you.
                  | (SH +4) [demonic ancestry]
  2764 | D:3      | Reached XP level 5. HP: 42/42 MP: 6/6
  2768 | D:3      | Found a transporter.
  2781 | D:3      | Found a transporter.
  2955 | D:3      | Found a stormy altar of Qazlal.
  2976 | D:3      | Found a burning altar of Makhleb.
  3262 | D:4      | Noticed Eustachio
  3365 | D:4      | Found a bloodstained altar of Trog.
  3381 | D:4      | Reached skill level 4 in Fighting
  3631 | D:5      | Entered Level 5 of the Dungeon
  3651 | D:5      | Noticed a water moccasin
  3666 | D:5      | Noticed Prince Ribbit
  3677 | D:5      | HP: 2/42 [Prince Ribbit (6)]
  3679 | D:5      | Mangled by Prince Ribbit

Illustrated notes

Levels and vault maps discovered:
D:1:      dpeg_arrival_more_subterranean_lakeside_camping, layout_basic,
          hellmonk_ecumenical_altar_pennies_from_heaven
D:2:      layout_rooms, basic_altar, uniq_sigmund
D:3:      gammafunk_wand_slinger, layout_rooms, evilmike_ruin_ashenzari,
          mainiacjoe_overflow_catwalk, bloody_makhleb, serial_shops,
          shop_fountains, columned_hall_lemuel
D:4:      layout_loops_cross, mainiacjoe_overflow_chevrons,
          minmay_temple_entry_arrows, amcnicky_mini_pool_small, uniq_eustachio,
          uniq_blork_the_orc
D:5:      layout_gridville, riverfiend_overflow_shadow_ancestor,
          vehumet_crystals, amcnicky_altar_gilded, minivault_27,
          minmay_fountain_box, uniq_prince_ribbit1

Skill      XL: |  1  2  3  4  5 |
---------------+----------------+-----
Armour         | 1 2 |  2.4
Long Blades    | 3 |  3.1
Stealth        | 1 2 |  2.5
Staves         | 1 |  1.8
Fighting       | 4 |  4.2
Spellcasting   | |  1.0
Fire Magic     | |  2.6

Action                   |  1- 3 |  4- 6 || total
-------------------------+-------+-------++-------
Melee: Falchion          |   108 |   145 ||   253
       Punch             |     2 |     2 ||     4
       Headbutt          |    13 |    19 ||    32
  Use: Potion            |       |     1 ||     1
Armor: Robe              |     8 |       ||     8
       Scale mail        |    24 |    68 ||    92
Dodge: Dodged            |    61 |    71 ||   132
Block: Other             |       |    17 ||    17
